 Dungeon Crawl Stone Soup version 0.23.2-33-g5129a83184 (webtiles) character file.

Game seed: 1523594043192450840

10326 colophon the Covert (level 11, 0/69 HPs)
             Began as a Kobold Enchanter on July 20, 2019.
             Was a Priest of Okawaru.
             Slain by a seven-headed hydra (4 damage)
             ... on level 1 of the Lair of Beasts on July 21, 2019.
             The game lasted 01:17:22 (17518 turns).

colophon the Covert (Kobold Enchanter)             Turns: 17518, Time: 01:17:23

Health: 0/69       AC: 14    Str:  5    XL:     11   Next: 90%
Magic:  16/19      EV: 22    Int: 19    God:    Okawaru [***...]
Gold:   676        SH:  0    Dex: 17    Spells: 14/20 levels left

rFire    . . .     SeeInvis .   I - +2 dagger (elec)
rCold    + . .     Gourm    .   (shield restricted)
rNeg     . . .     Faith    .   P - +2 robe {rC+}
rPois    .         Spirit   .   f - +4 helmet of the Maze {rElec Stlth+}
rElec    +         Reflect  .   (no cloak)
rCorr    .         Harm     .   (no gloves)
MR       .....                  G - +1 pair of boots
Stlth    ++++++....             (no amulet)
HPRegen  0.21/turn              b - ring of wizardry
MPRegen  0.16/turn              H - +3 ring of protection

@: about to teleport
A: small, carnivore
a: Heroism, Renounce Religion


You were on level 1 of the Lair of Beasts.
You worshipped Okawaru.
Okawaru was most pleased with you.
You were very full.

You visited 3 branches of the dungeon, and saw 12 of its levels.

You collected 676 gold pieces.

Inventory:

Hand Weapons
 n - a +2 dagger of draining
 I - a +2 dagger of electrocution (weapon)
Missiles
 z - 116 bolts
Armour
 f - the +4 helmet of the Maze (worn) {rElec Stlth+}
   (You found it on level 6 of the Dungeon)

   It insulates you from electricity.
   It makes you more stealthy.
 G - a +1 pair of boots (worn)
 P - a +2 robe of cold resistance (worn)
Jewellery
 b - a ring of wizardry (left hand)
 H - a +3 ring of protection (right hand)
 J - an uncursed ring of magical power
Wands
 w - a wand of disintegration (39)
 C - a wand of iceblast (18)
 K - a wand of digging (6)
 M - a wand of random effects (15)
 N - a wand of enslavement (7)
Scrolls
 c - 2 scrolls of remove curse
 e - 3 scrolls of teleportation
 h - 3 scrolls of blinking
 i - 3 scrolls of fear
 j - 5 scrolls of identify
 r - 2 scrolls of magic mapping
 t - 5 scrolls of immolation
 u - 2 scrolls of enchant armour
 x - a scroll of silence {unknown}
 y - 2 scrolls of fog {unknown}
 B - 4 scrolls of enchant weapon
 D - a scroll of noise {unknown}
 F - a scroll of amnesia {unknown}
Potions
 a - 5 potions of mutation
 g - a potion of degeneration {unknown}
 k - 4 potions of brilliance
 l - a potion of flight {unknown}
 m - a potion of heal wounds
 o - 5 potions of agility
 p - 4 potions of curing
 q - a potion of might {unknown}
 s - a potion of berserk rage {unknown}
 v - 2 potions of ambrosia
 E - 3 potions of lignification
 L - a potion of resistance {unknown}
Miscellaneous
 O - a lightning rod (4/4)
Comestibles
 d - 24 rations
 A - 7 chunks of flesh


   Skills:
 + Level 8.8 Fighting
 - Level 10.1 Short Blades
 + Level 10.0 Dodging
 + Level 11.8 Stealth
 - Level 5.4 Spellcasting
 + Level 4.6 Hexes
 - Level 5.0 Ice Magic
 + Level 0.8 Invocations
 - Level 2.0 Evocations


You had 14 spell levels left.
You knew the following spells:

 Your Spells              Type           Power        Failure   Level  Hunger
a - Corona                Hex            ###....      1%          1    None
b - Ensorcelled Hibernat  Hex/Ice        ###...       1%          2    None
c - Confuse               Hex            ###.....     2%          3    ##.....

Your spell library contained the following spells:

 Spells                   Type           Power        Failure   Level  Hunger
 Tukima's Dance           Hex            ###.....     2%          3    ##.....
 Dazzling Spray           Conj/Hex       ##....       6%          3    ##.....


Dungeon Overview and Level Annotations

Branches:
Dungeon (10/15)            Temple (1/1) D:6            Lair (1/6) D:10
    Orc (0/2) D:10

Altars:
Ashenzari
Cheibriados
Dithmenos
Elyvilon
Fedhas
Gozag
Hepliaklqana
Kikubaaqudgha
Makhleb
Nemelex Xobeh
Okawaru
Qazlal
Ru
Sif Muna
Trog
Uskayaw
Vehumet
Wu Jian
Xom
Yredelemnul
Zin
The Shining One
Beogh

Annotations:
D:10 1 transporter


Innate Abilities, Weirdness & Mutations

You are small and have problems with some larger weapons.
You are carnivorous and can eat meat at any time.


Message History

* * * LOW HITPOINT WARNING * * *
The seven-headed hydra bites you but does no damage.
The seven-headed hydra bites you!
* * * LOW HITPOINT WARNING * * *
The seven-headed hydra completely misses you.
The seven-headed hydra misses you.
Casting: Ensorcelled Hibernation (safe; 1% risk of failure)
Confirm with . or Enter, or press ? or * to list all spells.
Aiming: Ensorcelled Hibernation (safe; 1% risk of failure)
Press: ? - help, Shift-Dir - straight line, f/p - seven-headed hydra
Aim: a seven-headed hydra (chance to defeat MR: 20%)
The seven-headed hydra resists with almost no effort.
The komodo dragon completely misses you.
The seven-headed hydra bites you.
* * * LOW HITPOINT WARNING * * *
The seven-headed hydra misses you.
The seven-headed hydra bites you but does no damage.
The seven-headed hydra closely misses you.
The seven-headed hydra bites you.
You die...

##.[###...[#
##....##
##.###....# #....#
#..##....# ......
#........#
#........#
#.........#
##........#######..
#.#.#...........h.
#####.....@D......
#....l........
#..............
......#...##.##.
.......##### #
P...... ...... ...


You could see a seven-headed hydra, a komodo dragon and a wolf.

Vanquished Creatures
  3 two-headed ogres
  The ghost of Folque the Digger, an amateur DrEE (D:4)
  A hornet (D:8)
  A spriggan (D:10)
  3 yaks
  3 wyverns (D:9)
  A hungry ghost (D:7)
  Grum (D:8)
  Menkaure (D:7)
  4 swamp worms (Lair:1)
  3 wargs (D:10)
  A water moccasin (Lair:1)
  2 porcupines (Lair:1)
  4 orc warriors
  2 sky beasts (D:5)
  2 ice beasts
  A black bear (D:9)
  A hornet zombie (D:10)
  7 ogres
  A phantom (D:7)
  An eye of draining (D:8)
  A necrophage (D:10)
  5 wolves
  2 centaurs
  A big kobold (D:9)
  3 crocodiles
  5 bullfrogs
  7 scorpions
  3 wights (D:7)
  A howler monkey (D:9)
  3 crimson imps
  2 centaur zombies
  4 hounds
  5 jellies
  3 bullfrog skeletons
  10 orc priests
  11 orc wizards
  3 centaur skeletons
  Ijyb (D:4)
  3 worker ants
  2 hound zombies
  A hound skeleton (D:6)
  3 worker ant zombies
  Robin (D:3)
  3 gnolls (D:6)
  17 adders
  2 shadow imps
  4 oozes
  An adder zombie (D:5)
  An adder skeleton (D:10)
  3 worms
  A dart slug (D:1)
  5 leopard geckos
  50 orcs
  2 giant cockroaches (D:3)
  13 goblins
  7 hobgoblins
  17 jackals
  9 quokkas
  A ball python (D:4)
  7 bats
  2 frilled lizards
  12 kobolds
  2 leopard gecko skeletons (D:5)
  A quokka zombie (D:5)
  6 rats
290 creatures vanquished.

Vanquished Creatures (others)
  3 plants (Lair:1)
3 creatures vanquished.

Grand Total: 293 creatures vanquished

Notes
Turn   | Place    | Note
-------+----------+-------------------------------------------
     0 | D:1      | colophon the Kobold Enchanter began the quest for the Orb.
     0 | D:1      | Reached XP level 1. HP: 10/10 MP: 3/3
   652 | D:1      | Reached XP level 2. HP: 16/16 MP: 3/5
   656 | D:1      | Learned a level 2 spell: Ensorcelled Hibernation
  1362 | D:2      | Reached skill level 1 in Fighting
  1362 | D:2      | Reached XP level 3. HP: 3/20 MP: 0/6
  1368 | D:2      | HP: 1/20 [goblin (3)]
  1754 | D:2      | Learned a level 3 spell: Confuse
  2048 | D:2      | Found a hide-covered altar of Uskayaw.
  2078 | D:2      | Reached XP level 4. HP: 24/25 MP: 4/7
  3491 | D:3      | Reached XP level 5. HP: 30/30 MP: 0/9
  3742 | D:3      | Noticed Robin
  4059 | D:2      | Reached skill level 5 in Stealth
  4928 | D:3      | Killed Robin
  5047 | D:3      | Reached XP level 6. HP: 35/35 MP: 7/10
  5368 | D:3      | Reached skill level 1 in Ice Magic
  5528 | D:3      | HP: 1/36 [poisoned by an orc]
  5923 | D:4      | Found an opulent altar of Gozag.
  5959 | D:4      | Noticed an ogre
  5965 | D:4      | Killed an ogre
  5965 | D:4      | Reached XP level 7. HP: 41/41 MP: 11/11
  6109 | D:4      | Found a runed translucent gate.
  6110 | D:4      | Found a runed translucent gate.
  6111 | D:4      | Found a runed translucent gate.
  6111 | D:4      | Found a roughly hewn altar of Beogh.
  6113 | D:4      | Identified the cursed +1 dagger "Jafoin Seole" {antimagic,
                  | *Rage rF+ rN+ Str+4}
  6113 | D:4      | Noticed Folque's ghost (amateur DrEE)
  6127 | D:4      | Found a glowing golden altar of the Shining One.
  6230 | D:4      | Noticed Ijyb
  6237 | D:4      | Killed Ijyb
  6402 | D:4      | Reached skill level 6 in Stealth
  6942 | D:4      | Killed Folque's ghost
  6942 | D:4      | Reached skill level 5 in Dodging
  6942 | D:4      | Reached XP level 8. HP: 38/48 MP: 7/12
  7157 | D:4      | Reached skill level 5 in Short Blades
  7360 | D:5      | Entered Level 5 of the Dungeon
  7560 | D:5      | Reached skill level 7 in Stealth
  8795 | D:5      | Found an ancient bone altar of Kikubaaqudgha.
  8871 | D:5      | Noticed a two-headed ogre
  9081 | D:5      | Reached XP level 9. HP: 44/53 MP: 6/14
  9494 | D:5      | Killed a two-headed ogre
  9494 | D:5      | Reached skill level 5 in Fighting
  9494 | D:5      | Reached skill level 8 in Stealth
  9887 | D:6      | Found a shattered altar of Ashenzari.
  9892 | D:6      | Got a steaming helmet
  9939 | D:6      | Found a staircase to the Ecumenical Temple.
  9995 | Temple   | Entered the Ecumenical Temple
 10171 | D:6      | Reached skill level 9 in Stealth
 10361 | D:6      | Reached skill level 5 in Spellcasting
 10959 | D:7      | Reached XP level 10. HP: 60/60 MP: 10/17
 10971 | D:7      | Identified the +4 helmet of the Maze {rElec Stlth+} (You
                  | found it on level 6 of the Dungeon)
 11237 | D:7      | Noticed Menkaure
 11248 | D:7      | Killed Menkaure
 11858 | D:7      | Found an ornate altar of the Wu Jian Council.
 11925 | D:7      | Found a shattered altar of Ashenzari.
 12781 | D:8      | Reached skill level 10 in Stealth
 12799 | D:8      | Noticed a two-headed ogre
 12804 | D:8      | Killed a two-headed ogre
 13015 | D:8      | Noticed Grum
 13512 | D:8      | Killed Grum
 13548 | D:8      | Reached XP level 11. HP: 67/67 MP: 12/19
 13549 | D:8      | Found a glowing silver altar of Zin.
 13588 | D:8      | Found a shadowy altar of Dithmenos.
 13588 | D:8      | Found a deep blue altar of Sif Muna.
 13588 | D:8      | Found a sacrificial altar of Ru.
 13591 | D:8      | Found an iron altar of Okawaru.
 13595 | D:8      | Became a worshipper of Warmaster Okawaru
 13961 | D:9      | Noticed a two-headed ogre
 13994 | D:9      | Killed a two-headed ogre
 14205 | D:9      | Reached skill level 11 in Stealth
 14849 | D:9      | Reached * piety under Okawaru
 15415 | D:10     | Entered Level 10 of the Dungeon
 15457 | D:10     | Reached skill level 10 in Short Blades
 15563 | D:10     | Reached skill level 5 in Ice Magic
 15651 | D:9      | Reached ** piety under Okawaru
 15835 | D:10     | Found a staircase to the Lair.
 16227 | D:10     | Found a sparkling altar of Nemelex Xobeh.
 16227 | D:10     | Found a transporter.
 16227 | D:10     | Noticed a salamander
 16227 | D:10     | Noticed an ogre mage
 16526 | D:10     | Found a staircase to the Orcish Mines.
 16668 | D:10     | Reached skill level 1 in Evocations
 16810 | Lair:1   | Entered Level 1 of the Lair of Beasts
 17348 | Lair:1   | Reached skill level 10 in Dodging
 17369 | Lair:1   | Reached *** piety under Okawaru
 17463 | Lair:1   | Found a shattered altar of Ashenzari.
 17479 | Lair:1   | Noticed a seven-headed hydra
 17518 | Lair:1   | Slain by a seven-headed hydra

Skill      XL: |  1  2  3  4  5  6  7  8  9 10 11 |
---------------+----------------------------------+-----
Fighting       | 1 2 3 4 6 7 8 |  8.8
Short Blades   | 2 3 4 6 7 9 10 | 10.1
Dodging        | 3 4 5 6 7 8 10 | 10.0
Spellcasting   | 3 5 |  5.4
Stealth        | 5 6 7 9 10 11 | 11.8
Ice Magic      | 1 2 3 5 |  5.0
Hexes          | 4 |  4.6
Evocations     | 2 |  2.0
Invocations    | |  0.8

Action                   |  1- 3 |  4- 6 |  7- 9 | 10-12 || total
-------------------------+-------+-------+-------+-------++-------
Melee: Dagger            |    59 |   125 |   161 |   207 ||   552
 Cast: Corona            |     6 |       |       |     1 ||     7
       Ensorcelled Hiber |     9 |    91 |    93 |   136 ||   329
       Confuse           |       |       |    15 |    33 ||    48
  Use: Scroll            |     1 |       |     7 |    12 ||    20
       Potion            |       |     2 |       |       ||     2
 Stab: Sleeping          |    10 |    51 |    70 |    97 ||   228
       Confused          |       |       |     8 |    17 ||    25
       Distracted        |       |       |       |     2 ||     2
  Eat: Chunk             |    12 |    16 |    22 |    26 ||    76
Armor: Robe              |    13 |    26 |    25 |    42 ||   106
Dodge: Dodged            |    53 |   147 |   111 |   199 ||   510
